 Dungeon Crawl Stone Soup version 0.16-a0-2038-g968ce0a (webtiles) character file.

190975 RobertPalmer the Nimble (level 17, -1/128 HPs)
             Began as a Demonspawn Transmuter on Nov 8, 2014.
             Was a High Priest of Ru.
             Slain by a vault warden
             ... wielding a +0 great sword of pain
              (17 damage)
             ... on level 1 of the Vaults on Nov 10, 2014.
             The game lasted 03:34:19 (47043 turns).

RobertPalmer the Nimble (Demonspawn Transmuter)    Turns: 47043, Time: 03:34:19

Health: -1/128     AC:  9    Str: 11    XL:     17   Next: 56%
Magic:  0/29       EV: 20    Int: 20    God:    Ru [*****.]
Gold:   1654       SH:  0    Dex: 16    Spells: 6 memorised, 6 levels left

rFire  . . .     SeeInvis .       - Unarmed
rCold  . . .     Clarity  .     M - +0 troll leather armour
rNeg   . . .     SustAb   .     (shield unavailable)
rPois  .         Gourm    .     v - +2 hat {Int+3}
rElec  .         Spirit   +     c - +2 cloak {MR+}
rCorr  .         Warding  .     (gloves unavailable)
rMut   .         Stasis   .     (no boots)
MR     +....                    H - amulet of regeneration
Stlth  +.........               e - +4 ring of slaying
                                (ring unavailable)

@: marked, regenerating, drained, somewhat resistant to hostile enchantments,
very unstealthy
A: antennae 2, claws 3, talons 2, clumsy 1, demonic guardian 1, magic shield,
magic regeneration, magic link, missing a hand, inability to train armour, magic
vulnerability 1
a: Draw Out Power, Power Leap, Apocalypse, Renounce Religion
}: 1/15 runes: gossamer


You were on level 1 of the Vaults.
You worshipped Ru.
Ru was extremely pleased with you.
You were not hungry.

You visited 8 branches of the dungeon, and saw 36 of its levels.
You visited the Abyss 1 time.
You also visited: Sewer and Bailey.

You collected 3316 gold pieces.
You spent 1662 gold pieces at shops.


Innate Abilities, Weirdness & Mutations

You have a pair of antennae on your head.
You have claws for hands.
You have razor-sharp toenails.
You are clumsy. (Dex -2)
A weak demonic guardian rushes to your aid.
When hurt, damage is shared between your health and your magic reserves.
You regenerate magic rapidly.
When low on magic, you restore magic in place of health.
You are missing a hand.
You cannot train your Armour skill.
You are slightly vulnerable to magic.


   Skills:
 - Level 10.2(9.7) Fighting
 - Level 14.2(13.6) Dodging
 - Level 12.9(12.3) Unarmed Combat
 + Level 5.8(5.3) Spellcasting
 - Level 1.0(0.6) Charms
 - Level 13.6(13.0) Necromancy
 - Level 10.9(10.3) Transmutations
 - Level 13.0(12.4) Ice Magic


You had 6 spell levels left.
You knew the following spells:

 Your Spells              Type           Power        Failure   Level  Hunger
a - Stoneskin             Trmt/Erth      ####....     1%          2    None
y - Simulacrum            Ice/Necr       ######....   12%         6    #######
z - Blade Hands           Trmt           #####.....   6%          5    #####..
O - Animate Skeleton      Necr           N/A          1%          1    None
P - Regeneration          Chrm/Necr      ####......   1%          3    ##.....
X - Animate Dead          Necr           N/A          1%          4    ####...

Inventory:

Hand weapons
 b - a +9 blowgun
Missiles
 i - 38 arrows
 s - a throwing net (quivered)
 C - 10 curare-tipped needles
Armour
 c - a +2 cloak of magic resistance (worn)
 t - a troll hide {Snorg}
 v - a +2 hat of intelligence (worn)
 M - a +0 troll leather armour (worn)
Jewellery
 e - a +4 ring of slaying (right claw)
 m - an uncursed ring of protection from magic
 p - an uncursed ring of poison resistance
 u - an uncursed ring of see invisible
 H - an amulet of regeneration (around neck)
 L - the amulet of Zerircheu {rCorr Int+1 Dex+2}
   (You bought it in a shop on level 14 of the Dungeon)

   [amulet of resist corrosion]

   It protects you from acid and corrosion.
   It affects your intelligence (+1).
   It affects your dexterity (+2).
Magical devices
 G - a wand of hasting (2) {!d}
 I - a wand of teleportation (6) {!d}
 O - a wand of digging (15)
 P - a wand of invisibility (6)
Scrolls
 F - a scroll of teleportation
 J - 11 scrolls of remove curse
 Q - 7 scrolls of magic mapping
 S - 2 scrolls of recharging
 Y - a scroll of immolation {!r}
 Z - a scroll of fog
Potions
 h - 5 potions of haste
 j - 3 potions of might
 n - 3 potions of invisibility
 o - a potion of curing
 q - a potion of resistance
 r - 2 potions of brilliance
 w - a potion of porridge
 D - 2 potions of magic
 E - 4 potions of restore abilities
 N - 3 potions of mutation {!q}
 R - a potion of berserk rage
 V - 4 potions of flight
Books
 d - Roxanne's Papyrus of Ashen Moulding
   (You took it off Roxanne on level 5 of the Spider Nest)

   Spells                             Type                      Level
   *Stoneskin                         Transmutation/Earth          2
   Petrify                            Transmutation/Earth          4
   Statue Form                        Transmutation/Earth          6
   Dragon Form                        Transmutation                7
 x - a book of Unlife
 y - a Grand Grimoire {highlevel}
 A - a book of Hinderance
 B - the Almanac of Attacks
   (You found it on level 2 of the Spider Nest)

   Spells                             Type                      Level
   Flame Tongue                       Conjuration/Fire             1
   Throw Flame                        Conjuration/Fire             2
   Iron Shot                          Conjuration/Earth            6
   Orb of Destruction                 Conjuration                  7
 K - a book of Enchantments
 U - a book of Ice
 W - a book of Annihilations {highlevel, unknown}
 X - a book of Fire
Miscellaneous
 g - a phial of floods
 T - a lantern of shadows
Comestibles
 a - 15 bread rations
 f - 7 meat rations
 l - 22 fruits

Dungeon Overview and Level Annotations

Branches:
Dungeon (15/15)            Temple (1/1) D:4            Lair (8/8) D:11
 Shoals (1/5) Lair:6       Spider (5/5) Lair:5        Slime (0/6) Lair:7
    Orc (4/4) D:12            Elf (1/3) Orc:3        Vaults (1/5) D:13
 Depths (0/5) D:15

Altars:
Ashenzari
Cheibriados
Dithmenos
Elyvilon
Fedhas
Gozag
Kikubaaqudgha
Makhleb
Nemelex Xobeh
Okawaru
Qazlal
Ru
Sif Muna
Trog
Vehumet
Xom
Yredelemnul
Zin
The Shining One

Shops:
D:14 =   Orc:3 }   Orc:4 %*}(   Elf:1 ?[(   Vaults:1 %

Annotations:
D:7 asdu's ghost, experienced DrFi
Lair:1 exclusion: oklob plant
Lair:2 exclusion: 3 oklob plants

......##.........).##.........#
......##...........###..#'##..###
......##...........# #..#..#..#..
......##...........# #..#..#Z.#..
......##.........5.# ####..##'#..
.⌠....##...........# #........
∩..#####...........# #........
.⌠.# #..(.....)..# ###...... ####
#....(..(@p.# #######
#################c###############
................{c...............
.................................
.................................
.............#########...........
.............###.#(###..#########
###########..##...((##..#
#.........#..#.....{{#.(#


You could see a vault warden (bleeding), 2 yaktaurs and a friendly crimson imp.


Message History

The vault warden misses you.
You mangle the vault warden!!
The vault warden is moderately wounded.
The yaktaur misses you.
You barely miss the vault warden.
The vault warden is heavily wounded.
The vault warden is stunned by your will and fails to attack.
You redirect the yaktaur's attack!
The yaktaur hits something!
Your crimson imp hits the vault warden.
You scratch the vault warden. You claw the vault warden.
The vault warden is heavily wounded.
Your white imp gestures at the vault warden.
The puff of frost hits the vault warden.
The vault warden hits your white imp with an uncursed great sword of pain!!
Your white imp dies!
The yaktaur hits you!
* * * LOW HITPOINT WARNING * * *
You claw the vault warden!
The vault warden is severely wounded.
You scratch the vault warden but do no damage.
The vault warden is severely wounded.
The yaktaur misses you. The vault warden completely misses you.
You claw the vault warden!
The vault warden is almost dead.
The yaktaur barely misses you.
You barely miss the vault warden.
You claw the vault warden, but do no damage.
The vault warden is almost dead.
The vault warden hits you with an uncursed great sword of pain!!!
You die...

Action                   |  1- 3 |  4- 6 |  7- 9 | 10-12 | 13-15 | 16-18 || total
-------------------------+-------+-------+-------+-------+-------+-------++-------
Melee: Unarmed           |    97 |   246 |   284 |  1086 |  2347 |   930 ||  4990
 Fire: Blowgun           |       |       |       |    44 |     9 |    12 ||    65
Throw: Throwing net      |       |       |       |       |       |     1 ||     1
 Cast: Beastly Appendage |    11 |    21 |    24 |    25 |       |       ||    81
       Sticks to Snakes  |       |     7 |       |    16 |       |       ||    23
       Blade Hands       |       |       |       |    21 |    62 |    35 ||   118
       Animate Skeleton  |       |       |       |    21 |    57 |     3 ||    81
       Regeneration      |       |       |       |    12 |    63 |    79 ||   154
       Animate Dead      |       |       |       |       |    79 |    23 ||   102
       Vampiric Draining |       |       |       |       |    13 |       ||    13
       Ice Form          |       |       |       |       |     3 |     2 ||     5
       Simulacrum        |       |       |       |       |       |    17 ||    17
       Stoneskin         |       |       |       |       |       |     2 ||     2
Invok: Sacrifice Essence |       |       |     1 |       |       |       ||     1
       Reject Sacrifices |       |       |       |     1 |     3 |     1 ||     5
       Power Leap        |       |       |       |     4 |    31 |    17 ||    52
       Sacrifice Durabil |       |       |       |     1 |       |       ||     1
       Sacrifice a Hand  |       |       |       |     1 |       |       ||     1
       Sacrifice Purity  |       |       |       |     1 |       |       ||     1
       Draw Out Power    |       |       |       |       |     3 |     4 ||     7
       Apocalypse        |       |       |       |       |       |     2 ||     2
 Abil: End Transformatio |       |       |       |    10 |    39 |    30 ||    79
Evoke: Wand              |       |     3 |     9 |    25 |    18 |     7 ||    62
       Sack of spiders   |       |       |       |       |     3 |       ||     3
       Phantom mirror    |       |       |       |       |     1 |       ||     1
       Phial of floods   |       |       |       |       |     1 |     2 ||     3
  Use: Scroll            |     1 |     6 |    13 |    18 |    24 |    23 ||    85
       Potion            |       |       |       |     1 |    10 |    13 ||    24
 Stab: Distracted        |       |       |     3 |    15 |    40 |    17 ||    75
       Sleeping          |       |       |     2 |     3 |     3 |       ||     8
       Invisible         |       |       |       |     7 |    44 |    10 ||    61
       Paralysed         |       |       |       |     3 |    20 |     3 ||    26
       Petrifying        |       |       |       |       |     1 |       ||     1
       Petrified         |       |       |       |       |     1 |       ||     1
       Held in net/web   |       |       |       |       |       |     2 ||     2
  Eat: Chunk             |     2 |    13 |    10 |    37 |    94 |    26 ||   182
       Bread ration      |       |       |       |     2 |       |     2 ||     4
       Beef jerky        |       |       |       |     3 |     4 |     1 ||     8
       Pizza             |       |       |       |     1 |     1 |     1 ||     3
       Royal jelly       |       |       |       |       |     9 |     3 ||    12
       Fruit             |       |       |       |       |     2 |     4 ||     6
       Meat ration       |       |       |       |       |       |     8 ||     8

Vault maps used:
D:1:      dpeg_arrival_rooms_a
D:2:      nemelex_deck
D:3:      elyvilon_altar_4
D:4:      minmay_temple_entry_crystal_x, first_bread
D:5:      grunt_dithmenos_shadows, portal_sewer_entry_c,
          roderic_hopi_sauvastika, hangedman_decor_diamond_cutter
D:6:      serial_bayou, serial_bayou_pond_d, serial_bayou_lagoon_a,
          serial_bayou_shore_b, serial_bayou_shore_b, serial_bayou_ford_a
D:8:      uniq_gastronok, uniq_edmund
D:9:      serial_corexii_hall, corexii_hall_statues_t, corexii_hall_statues_x
D:10:     enter_bailey_3, david_nohive_1, uniq_eustachio
D:11:     erik_lair_boring
D:12:     lemuel_flame_loot_1, uniq_maurice, uniq_josephine, uniq_sonja
D:13:     grunt_vaults_entry_tiered, corexii_corridor_pit
D:14:     serial_shops, shop, minmay_misc_feat_plants, kennysheep_generic_room_2
D:15:     grunt_enter_depths_magical_seal, minmay_misc_feat_nine_boxes,
          minmay_misc_feat_rows, lemuel_blue_sif_altar, uniq_nergalle
Temple:   lightli_temple_of_artemis
Lair:1:   minmay_lair_oklob_chamber, grunt_megastairs_2, serial_bayou_shore_b,
          serial_bayou_shore_b
Lair:2:   minivault_19, disabler_island, grunt_megastairs_3
Lair:3:   minmay_lindwurm_lava
Lair:5:   spider_nest_entry_funnel_web
Lair:6:   minmay_shoals_entry_lonely_mermaid, minivault_29, lemuel_fruit_tree,
          infiniplex_staircase_pool_2, uniq_harold
Lair:7:   minmay_slime_entry_jelly_boxes, grunt_forest_small_clearing_treed,
          uniq_rupert
Lair:8:   due_jungle_book, st_stairs_10, nicolae_lair_yak_garden
Shoals:1: serial_shops, nicolae_shop_temple_entry_statues_fountains,
          nicolae_shoals_aquamancer_cove
Spider:2: uniq_arachne
Spider:3: uniq_kirke
Spider:5: spider_rune_water, uniq_agnes, uniq_snorg, uniq_asterion, uniq_roxanne
Orc:1:    basic_altar
Orc:2:    uniq_grum
Orc:3:    serial_shops, shop, nicolae_orc_pool_cavern
Orc:4:    grunt_orc_tribal_feast
Elf:1:    minmay_elf_crystal_hexagon, serial_shops, nicolae_shop_statue_plus,
          shop, shop, shop, minmay_elf_demonology
Vaults:1: nicolae_vaults_meeting, nicolae_vaults_little_squares_1,
          hangedman_vaults_snaps, vaults_room_pool, v_misc_1,
          nicolae_vaults_alarming, vaults_room_semicircle, serial_shops,
          shop_fountains, uniq_donald, uniq_nikola
Abyss:1:  evilmike_abyss_exit_smiterflies
Sewer:    sewer_ratzerg_badplayer
Bailey:   bailey_polearm_4, bailey

Notes
Turn   | Place    | Note
--------------------------------------------------------------
     0 | D:1      | RobertPalmer, the Demonspawn Transmuter, began the quest for the Orb.
     0 | D:1      | Reached XP level 1. HP: 15/15 MP: 3/3
   377 | D:1      | Reached skill level 3 in Unarmed Combat
   595 | D:1      | Gained mutation: You have sharp fingernails. [demonic ancestry]
   595 | D:1      | Reached XP level 2. HP: 21/21 MP: 2/4
  1003 | D:2      | Gained mutation: You have very sharp fingernails. [demonic ancestry]
  1003 | D:2      | Reached XP level 3. HP: 16/26 MP: 4/6
  1162 | D:2      | Learned a level 2 spell: Sticks to Snakes
  1214 | D:2      | Found a sparkling altar of Nemelex Xobeh.
  1237 | D:2      | Reached skill level 4 in Unarmed Combat
  1530 | D:2      | Gained mutation: When hurt, damage is shared between your health and your magic reserves. [demonic ancestry]
  1530 | D:2      | Reached XP level 4. HP: 17/32 MP: 5/7
  2203 | D:3      | Reached skill level 5 in Unarmed Combat
  2434 | D:3      | Found a white marble altar of Elyvilon.
  2725 | D:3      | Reached XP level 5. HP: 33/37 MP: 9/9
  3524 | D:4      | Reached skill level 2 in Transmutations
  3893 | D:4      | Found a staircase to the Ecumenical Temple.
  3926 | Temple   | Entered the Ecumenical Temple
  3946 | Temple   | Became a worshipper of Ru the Awakened
  4178 | D:4      | Learned a level 3 spell: Spider Form
  4238 | D:5      | Entered Level 5 of the Dungeon
  4318 | D:5      | Found a shadowy altar of Dithmenos.
  4318 | D:5      | Noticed a phantom
  4334 | D:5      | Killed a phantom
  4334 | D:5      | Reached skill level 3 in Transmutations
  4334 | D:5      | Mutation became permanent: You have claws for feet. [demonic ancestry]
  4334 | D:5      | Reached XP level 6. HP: 25/43 MP: 5/10
  4480 | D:5      | Found a glowing drain.
  4523 | Sewer    | Entered a sewer
  4523 | Sewer    | Noticed RobertPalmer's ghost (average DsTm)
  5072 | D:5      | Reached skill level 6 in Unarmed Combat
  5174 | D:5      | Noticed a phantom
  5208 | D:5      | Killed a phantom
  5208 | D:5      | Reached XP level 7. HP: 40/48 MP: 10/12
  5223 | D:5      | Noticed a phantom
  5237 | D:5      | Killed a phantom
  5350 | D:5      | Reached skill level 7 in Unarmed Combat
  5708 | D:5      | Gained mutation: You are slightly vulnerable to magic. [Ru sacrifice]
  5708 | D:5      | Acquired Ru's first power
  6159 | D:6      | Reached skill level 8 in Unarmed Combat
  6173 | D:6      | Gained mutation: A weak demonic guardian rushes to your aid. [demonic ancestry]
  6173 | D:6      | Reached XP level 8. HP: 46/54 MP: 10/13
  6291 | D:6      | Reached skill level 2 in Dodging
  6519 | D:6      | Reached skill level 3 in Dodging
  6718 | D:7      | Reached skill level 4 in Dodging
  7021 | D:7      | Noticed asdu's ghost (experienced DrFi)
  7026 | D:8      | Noticed Edmund
  7032 | D:8      | Reached skill level 5 in Dodging
  7038 | D:8      | Killed Edmund
  7140 | D:8      | Identified a wand of hasting (You found it on level 8 of the Dungeon)
  7261 | D:8      | Reached skill level 6 in Dodging
  7261 | D:8      | Gained mutation: You regenerate magic rapidly. [demonic ancestry]
  7261 | D:8      | Reached XP level 9. HP: 53/59 MP: 12/14
  7392 | D:8      | Reached skill level 7 in Dodging
  7725 | D:8      | Noticed Gastronok
  7749 | D:8      | Killed Gastronok
  7749 | D:8      | Reached skill level 9 in Dodging
  8030 | D:9      | Reached XP level 10. HP: 63/65 MP: 16/16
  8092 | D:9      | Reached skill level 9 in Unarmed Combat
  8758 | D:10     | Entered Level 10 of the Dungeon
  8845 | D:10     | Reached skill level 10 in Unarmed Combat
  8894 | D:10     | Noticed Eustachio
  8903 | D:10     | Found a flagged portal.
  8915 | D:10     | Killed Eustachio
  8922 | Bailey   | Entered a bailey
  8922 | Bailey   | Noticed an orc knight
  8922 | Bailey   | Noticed an orc knight
  9019 | Bailey   | Killed an orc knight
  9112 | Bailey   | Killed an orc knight
  9134 | Bailey   | Reached skill level 11 in Unarmed Combat
  9285 | Bailey   | Noticed an orc knight
  9364 | Bailey   | Killed an orc knight
  9406 | Bailey   | Noticed an orc knight
  9406 | Bailey   | Noticed an orc knight
  9651 | D:10     | Reached skill level 4 in Transmutations
  9662 | D:10     | Noticed a hill giant
  9667 | D:10     | Noticed a hill giant
  9701 | D:10     | Killed a hill giant
  9701 | D:10     | Reached XP level 11. HP: 70/70 MP: 10/17
  9718 | D:10     | Killed a hill giant
  9789 | D:10     | Reached skill level 5 in Transmutations
 10540 | D:10     | Noticed asdu's ghost (experienced VSBe)
 10563 | D:10     | Killed asdu's ghost
 10563 | D:10     | Reached skill level 6 in Transmutations
 10863 | D:10     | Upgraded the game from 0.16-a0-1982-g8124c91 to 0.16-a0-2010-g98bc240
 11330 | D:11     | Noticed a hill giant
 11340 | D:11     | Killed a hill giant
 11340 | D:11     | Reached skill level 2 in Fighting
 11406 | D:11     | Reached skill level 3 in Fighting
 11428 | D:11     | Found a staircase to the Lair.
 11864 | D:11     | Reached skill level 4 in Fighting
 12041 | D:11     | Gained mutation: You are missing a hand. [Ru sacrifice]
 12041 | D:11     | Acquired Ru's second power
 12041 | D:11     | Acquired Ru's third power
 12041 | D:11     | Acquired Ru's fourth power
 12384 | D:11     | Reached skill level 5 in Fighting
 12668 | Lair:1   | Entered Level 1 of the Lair of Beasts
 12704 | D:11     | Reached skill level 1 in Armour
 13056 | Lair:1   | Reached skill level 10 in Dodging
 13324 | Lair:1   | Reached skill level 7 in Transmutations
 14080 | Lair:2   | Gained mutation: You cannot train your Armour skill. [Ru sacrifice]
 14080 | Lair:2   | Reduced skill Armour to level 0
 14080 | Lair:2   | Acquired Ru's fifth power
 14296 | Lair:2   | Learned a level 1 spell: Animate Skeleton
 14302 | Lair:2   | Learned a level 5 spell: Blade Hands
 14423 | Lair:2   | Noticed an eight-headed hydra
 14479 | Lair:2   | Killed an eight-headed hydra
 14479 | Lair:2   | Reached skill level 8 in Transmutations
 14909 | Lair:2   | Lost mutation: You have a pair of horns on your head. [demonic ancestry]
 14909 | Lair:2   | Lost mutation: You have a pair of small horns on your head. [demonic ancestry]
 14909 | Lair:2   | Gained mutation: You have a pair of small antennae on your head. [demonic ancestry]
 14909 | Lair:2   | Reached XP level 12. HP: 86/86 MP: 16/18
 15135 | Lair:3   | Learned a level 3 spell: Regeneration
 15211 | Lair:3   | Reached skill level 9 in Transmutations
 16184 | Lair:4   | Reached skill level 10 in Transmutations
 16227 | Lair:4   | Gained mutation: You are clumsy. (Dex -2) [Ru sacrifice]
 16231 | Lair:4   | Noticed a five-headed hydra
 16645 | Lair:4   | Reached skill level 1 in Necromancy
 16817 | Lair:4   | Reached skill level 2 in Necromancy
 16951 | Lair:4   | Reached skill level 3 in Necromancy
 16962 | Lair:4   | Reached skill level 4 in Necromancy
 17058 | Lair:4   | Killed a five-headed hydra
 17058 | Lair:4   | Reached skill level 5 in Necromancy
 17575 | Lair:5   | Reached skill level 6 in Necromancy
 17676 | Lair:5   | Found a hole to the Spider Nest.
 17681 | Lair:5   | Reached skill level 3 in Spellcasting
 17703 | Lair:5   | HP: 8/86 [poisoned by a spider]
 17708 | Lair:5   | HP: 5/86 [poisoned by a spider]
 17714 | Lair:5   | HP: 4/86 [poisoned by a spider]
 17721 | Lair:5   | HP: 8/86 [poisoned by a spider]
 17915 | Lair:5   | Reached skill level 4 in Spellcasting
 17952 | Lair:5   | Learned a level 4 spell: Ice Form
 18353 | Lair:6   | Noticed a six-headed hydra
 18393 | Lair:6   | Reached skill level 1 in Ice Magic
 18546 | Lair:6   | Reached skill level 2 in Ice Magic
 18647 | Lair:6   | Gained mutation: You have a pair of antennae on your head. [demonic ancestry]
 18647 | Lair:6   | Reached XP level 13. HP: 81/91 MP: 21/23
 18858 | Lair:6   | Reached skill level 3 in Ice Magic
 18971 | Lair:6   | Learned a level 4 spell: Animate Dead
 19028 | Lair:6   | Reached skill level 4 in Ice Magic
 19211 | Lair:6   | Reached skill level 5 in Ice Magic
 19228 | Lair:6   | Noticed Harold
 19249 | Lair:6   | Killed Harold
 19341 | Lair:6   | Killed a six-headed hydra
 19341 | Lair:6   | Reached skill level 6 in Ice Magic
 19373 | Lair:6   | Found a staircase to the Shoals.
 19550 | Lair:6   | Your ally Harold died
 20171 | Lair:7   | Reached skill level 7 in Ice Magic
 20272 | Lair:7   | Noticed Rupert
 20291 | Lair:7   | Killed Rupert
 20407 | Lair:7   | Reached skill level 8 in Ice Magic
 20413 | Lair:7   | Found a staircase to the Slime Pits.
 21234 | Lair:8   | Entered Level 8 of the Lair of Beasts
 21502 | Lair:8   | Reached skill level 12 in Unarmed Combat
 22366 | Lair:8   | Killed a dire elephant
 22366 | Lair:8   | Reached skill level 1 in Charms
 22366 | Lair:8   | Gained mutation: You have claws for hands. [demonic ancestry]
 22366 | Lair:8   | Reached XP level 14. HP: 98/98 MP: 17/24
 22368 | Lair:8   | Learned a level 3 spell: Vampiric Draining
 22384 | Lair:8   | Noticed a dire elephant
 22384 | Lair:8   | Noticed a dire elephant
 22405 | Lair:8   | Killed a dire elephant
 22423 | Lair:8   | Killed a dire elephant
 22495 | Lair:8   | Noticed a dire elephant
 22509 | Lair:8   | Killed a dire elephant
 22532 | Lair:8   | Noticed a dire elephant
 22558 | Lair:8   | Killed a dire elephant
 22558 | Lair:8   | Reached skill level 7 in Necromancy
 22593 | Lair:8   | Noticed a dire elephant
 22615 | Lair:8   | Killed a dire elephant
 23389 | D:12     | Noticed Sonja
 23446 | D:12     | Noticed a hill giant
 23457 | D:11     | Killed a hill giant
 23500 | D:12     | Noticed a hill giant
 23513 | D:12     | Killed a hill giant
 23513 | D:12     | Reached skill level 8 in Necromancy
 23837 | D:12     | Killed Sonja
 23897 | D:12     | Noticed Josephine
 23984 | D:12     | Your ally Sonja died
 24399 | D:12     | Killed Josephine
 24430 | D:12     | Found a staircase to the Orcish Mines.
 24455 | D:12     | Noticed Maurice
 24467 | D:12     | Killed Maurice
 24734 | Orc:1    | Entered Level 1 of the Orcish Mines
 24816 | D:12     | Your ally Josephine died
 25080 | Orc:1    | Found a bloodstained altar of Trog.
 25422 | Orc:1    | Reached skill level 11 in Dodging
 26085 | Orc:2    | Killed Grum
 26276 | Orc:3    | Found Ghyts' Gadget Shoppe.
 26416 | Orc:4    | Entered Level 4 of the Orcish Mines
 26937 | Orc:4    | Reached skill level 9 in Necromancy
 27054 | Orc:3    | Found a staircase to the Elven Halls.
 27581 | Orc:4    | Reached skill level 10 in Necromancy
 27661 | Orc:4    | Found Byne Schasied's Food Emporium.
 27662 | Orc:4    | Found Gausag's Antique Weapon Shop.
 27663 | Orc:4    | Found Schoamial's Gadget Shop.
 27663 | Orc:4    | Found Zyhiut's Assorted Antiques.
 27681 | Orc:4    | Bought a triangular peridot amulet for 125 gold pieces
 28600 | D:13     | Reached skill level 11 in Necromancy
 28954 | D:13     | Reached skill level 9 in Ice Magic
 28986 | D:13     | Found a gate to the Vaults.
 29165 | D:13     | Gained mutation: You have razor-sharp toenails. [demonic ancestry]
 29165 | D:13     | Reached XP level 15. HP: 95/103 MP: 23/25
 29435 | D:14     | Found Thiy's Jewellery Shoppe.
 29447 | D:14     | Bought the amulet of Zerircheu {rCorr Dex+2 Int+1} for 366 gold pieces
 29530 | D:14     | Reached skill level 10 in Ice Magic
 29884 | D:15     | Entered Level 15 of the Dungeon
 30011 | D:15     | Found a staircase to the Depths.
 30430 | D:15     | Noticed Nergalle
 30464 | D:15     | Killed Nergalle
 30709 | D:15     | Found a deep blue altar of Sif Muna.
 31054 | Spider:1 | Entered Level 1 of the Spider Nest
 31079 | Spider:1 | Reached skill level 11 in Ice Magic
 31563 | Shoals:1 | Entered Level 1 of the Shoals
 31951 | Elf:1    | Entered Level 1 of the Elven Halls
 32193 | Elf:1    | Identified the Almanac of Summoning (You found it on level 1 of the Elven Halls)
 32265 | Elf:1    | Identified 2 potions of resistance
 32289 | Elf:1    | Found Bivab's Magic Scroll Shoppe.
 32300 | Elf:1    | Reached skill level 12 in Ice Magic
 32311 | Elf:1    | Bought a scroll of teleportation for 48 gold pieces
 32311 | Elf:1    | Bought a scroll of identify for 32 gold pieces
 32311 | Elf:1    | Bought a scroll of identify for 32 gold pieces
 32311 | Elf:1    | Bought a scroll of enchant armour for 120 gold pieces
 32311 | Elf:1    | Bought a scroll of teleportation for 48 gold pieces
 32311 | Elf:1    | Bought a scroll of teleportation for 48 gold pieces
 32311 | Elf:1    | Bought 2 scrolls of enchant weapon for 240 gold pieces
 32311 | Elf:1    | Bought a scroll of magic mapping for 56 gold pieces
 33752 | Spider:1 | Upgraded the game from 0.16-a0-2010-g98bc240 to 0.16-a0-2038-g968ce0a
 34070 | Spider:1 | Reached skill level 13 in Ice Magic
 34136 | Spider:2 | Noticed Arachne
 34188 | Spider:2 | Killed Arachne
 34787 | Spider:2 | Reached skill level 12 in Necromancy
 34823 | Spider:2 | Identified the Almanac of Attacks
 35677 | Spider:3 | Gained mutation: When low on magic, you restore magic in place of health. [demonic ancestry]
 35677 | Spider:3 | Reached XP level 16. HP: 86/109 MP: 16/26
 35898 | Spider:3 | Noticed Kirke
 36148 | Spider:3 | HP: 10/109 [poisoned by a wolf spider]
 36153 | Spider:2 | HP: 8/109 [poisoned by a wolf spider]
 36158 | Spider:2 | HP: 5/109 [poisoned by a wolf spider]
 36163 | Spider:2 | HP: 7/109 [poisoned by a wolf spider]
 36171 | Spider:2 | HP: 9/109 [poisoned by a wolf spider]
 36445 | Spider:2 | Killed Kirke
 36445 | Spider:2 | Reached skill level 13 in Necromancy
 36465 | Spider:3 | Learned a level 6 spell: Simulacrum
 38697 | Spider:4 | Reached skill level 12 in Dodging
 39327 | Spider:5 | Entered Level 5 of the Spider Nest
 39600 | Spider:5 | Noticed Agnes
 39603 | Spider:5 | Noticed Snorg
 40095 | Spider:5 | Noticed Asterion
 40124 | Spider:4 | Killed Asterion
 40292 | Spider:5 | Noticed Roxanne
 40780 | Spider:5 | Reached skill level 13 in Dodging
 41963 | Elf:1    | Found Ebrucabb's Antique Armour Boutique.
 41969 | Elf:1    | Bought a dull robe for 222 gold pieces
 41980 | Elf:1    | Identified the +0 robe of Nutwaud {rC+} (You bought it in a shop on level 1 of the Elven Halls)
 42022 | Elf:1    | Found Erphamm's Weapon Boutique.
 42150 | Elf:1    | Noticed a Hell Sentinel
 43229 | Spider:5 | Reached skill level 6 in Fighting
 43270 | Spider:5 | Got a gossamer rune of Zot
 43831 | Spider:5 | Reached skill level 7 in Fighting
 43862 | Spider:5 | Killed Roxanne
 43921 | Spider:5 | Killed Agnes
 43951 | Spider:5 | Reached XP level 17. HP: 108/121 MP: 24/26
 43955 | Spider:5 | Killed Snorg
 44098 | Spider:5 | Identified Roxanne's Papyrus of Ashen Moulding (You took it off Roxanne on level 5 of the Spider Nest)
 44938 | Vaults:1 | Entered Level 1 of the Vaults
 44951 | Vaults:1 | Reached skill level 8 in Fighting
 45407 | Vaults:1 | Reached skill level 9 in Fighting
 45668 | Vaults:1 | Identified a wand of teleportation
 45786 | Vaults:1 | Reached skill level 10 in Fighting
 45795 | Vaults:1 | Noticed Nikola
 45814 | Vaults:1 | Killed Nikola
 45996 | Vaults:1 | Noticed Donald
 46005 | Vaults:1 | Killed Donald
 46025 | Vaults:1 | Found Xepsocit's Food Shop.
 46195 | Vaults:1 | Learned a level 2 spell: Stoneskin
 46215 | Vaults:1 | Reached skill level 14 in Dodging
 46383 | Vaults:1 | Bought a meat ration for 65 gold pieces
 46383 | Vaults:1 | Bought a meat ration for 65 gold pieces
 46383 | Vaults:1 | Bought a bread ration for 65 gold pieces
 46383 | Vaults:1 | Bought a bread ration for 65 gold pieces
 46383 | Vaults:1 | Bought a meat ration for 65 gold pieces
 46540 | Vaults:1 | Cast into the Abyss (an ogre mage)
 46607 | Vaults:1 | Escaped the Abyss
 46922 | Vaults:1 | Reached skill level 5 in Spellcasting
 47027 | Vaults:1 | HP: 11/128 [yaktaur/ bolt[a vault warden] (11)]
 47043 | Vaults:1 | Slain by a vault warden

Vanquished Creatures
  Arachne (Spider:2)
  Rupert (Lair:7)
  Roxanne (Spider:5)
  A deep elf sorcerer (Vaults:1)
  4 ghost moths
  3 vault wardens (Vaults:1)
  Gastronok (D:8)
  An emperor scorpion (Spider:5)
  A deep elf demonologist (Elf:1)
  4 dire elephants (Lair:8)
  7 vault guards (Vaults:1)
  An ironheart preserver (Vaults:1)
  Josephine (D:12)
  Harold (Lair:6)
  A yaktaur captain (Vaults:1)
  2 centaur warriors
  5 hydras
  An anaconda (Lair:8)
  4 merfolk aquamancers (Shoals:1)
  3 orc high priests (Orc:4)
  A death yak (Lair:8)
  2 ogre magi
  A deep elf knight (Elf:1)
  A catoblepas (Lair:8)
  The ghost of asdu the Carver, an experienced VSBe of Trog (D:10)
  An unseen horror (Vaults:1)
  2 deep trolls (Vaults:1)
  6 hill giants
  11 deep elf summoners (Elf:1)
  7 orc sorcerers
  2 ironbrand convokers (Vaults:1)
  3 necromancers (D:13)
  8 orc knights
  5 deep elf conjurers
  2 wizards (D:15)
  4 ugly things
  15 orb spiders
  A manticore (D:13)
  19 wolf spiders
  3 griffons
  4 red wasps
  A centaur zombie (D:12)
  10 elephants
  2 cyclopes
  2 moths of wrath
  2 vault sentinels (Vaults:1)
  A naga mage (D:15)
  A queen ant (Lair:6)
  3 torpor snails
  5 spiny frogs
  6 black mambas
  14 yaktaurs (Vaults:1)
  6 komodo dragons
  A kobold demonologist (D:11)
  8 demonic crawlers
  An efreet (D:13)
  A hydra zombie (D:10)
  A tengu conjurer (D:14)
  5 trolls
  Sonja (D:12)
  3 deep elf fighters (Elf:1)
  A blue devil (Orc:4)
  A trapdoor spider zombie (D:12)
  5 slime creatures
  4 boulder beetles
  19 jumping spiders
  10 blink frogs
  A raven (D:14)
  3 two-headed ogres
  A baby alligator (shapeshifter) (D:14)
  13 trapdoor spiders
  A large abomination (Abyss:1)
  24 tarantellas
  22 yaks
  3 basilisks
  5 deep elf magi
  28 redbacks
  2 hogs
  A human (shapeshifter) (Vaults:1)
  6 wyverns
  A shadow (D:11)
  Eustachio (D:10)
  A fire bat (Bailey)
  15 humans
  6 hippogriffs
  A golden eye (shapeshifter) (D:14)
  15 wolves
  2 hungry ghosts
  2 hill giant skeletons (D:8)
  A warg (Orc:1)
  18 water moccasins
  Edmund (D:8)
  A mottled dragon (D:12)
  3 vampire mosquitoes (D:13)
  6 porcupines
  4 phantoms
  33 spiders
  23 orc warriors
  18 soldier ants (Lair:6)
  2 yellow wasps
  3 black bears
  14 ogres
  2 necrophages
  2 ice beasts
  An eye of draining (D:10)
  A boggart (Bailey)
  2 centaurs
  A sky beast (D:8)
  3 boring beetles
  6 crocodiles
  A big kobold (D:9)
  A gnoll sergeant (D:5)
  9 giant frogs
  4 scorpions
  17 wights
  35 killer bees
  3 electric eels
  4 crimson imps
  2 giant frog zombies (D:6)
  9 hounds
  2 quasits
  17 jellies
  25 orc priests
  A giant frog skeleton (D:12)
  28 orc wizards
  21 worker ants
  11 iguanas
  6 orange rats (Elf:1)
  21 sheep
  A spectral orc (D:15)
  A troll simulacrum (D:12)
  2 hound zombies
  85 green rats
  23 adders
  11 gnolls
  2 shadow imps
  A giant mite (D:5)
  An ufetubus (Abyss:1)
  3 worms
  2 orc skeletons
  4 giant geckos
  2 oozes
  154 orcs
  9 bats
  16 goblins
  14 hobgoblins
  10 jackals
  16 kobolds
  14 quokkas
  A ball python (D:3)
  8 giant cockroaches
  5 giant newts
  3 giant spores
  6 orc zombies
  15 rats
  A rat skeleton (Orc:4)
  11 ballistomycetes
  2 fungi (Lair:5)
  4 plants (Lair:8)
1200 creatures vanquished.

Vanquished Creatures (collateral kills)
  Nikola (Vaults:1)
  Asterion (Spider:4)
  Agnes (Spider:5)
  Kirke (Spider:2)
  Donald (Vaults:1)
  4 emperor scorpions (Spider:5)
  A dire elephant (Lair:8)
  Snorg (Spider:5)
  4 ironheart preservers
  2 vault guards (D:13)
  A yaktaur captain (Vaults:1)
  A hydra (Lair:8)
  A merfolk aquamancer (Lair:6)
  Nergalle (D:15)
  A deep elf knight (D:13)
  A deep troll (Vaults:1)
  A hill giant (D:10)
  3 deep elf conjurers
  2 wizards (D:13)
  8 orb spiders
  7 wolf spiders
  A griffon (Lair:7)
  4 red wasps
  3 black mambas
  A manticore (Shoals:1)
  6 elephants
  Maurice (D:12)
  A vault sentinel (D:13)
  A torpor snail (Spider:1)
  A siren (Lair:6)
  7 demonic crawlers
  An efreet (D:13)
  A spiny frog (Lair:8)
  2 yaktaurs (Vaults:1)
  8 jumping spiders
  2 slime creatures (D:13)
  5 blink frogs (Lair:6)
  3 trapdoor spiders
  A two-headed ogre (D:12)
  2 basilisks
  10 tarantellas
  20 redbacks
  10 yaks
  3 hogs
  A hippogriff (Lair:5)
  4 humans (D:13)
  Grum (Orc:2)
  A vampire mosquito (D:13)
  2 soldier ants (Lair:6)
  A deep elf fighter (Vaults:1)
  3 water moccasins
  A warg (Orc:1)
  An ogre skeleton (D:12)
  A mottled dragon (Vaults:1)
  2 porcupines
  3 orc warriors (Orc:1)
  18 spiders
  An ice beast (D:15)
  4 ogres
  A boring beetle (Spider:5)
  2 crocodiles
  4 giant frogs
  2 killer bees (D:12)
  An electric eel (Spider:1)
  A hound (D:13)
  4 jellies
  4 orc priests
  4 worker ants (Lair:6)
  7 orc wizards
  9 sheep
  An orange rat (Elf:1)
  An adder (Lair:7)
  6 green rats
  A shadow imp (D:12)
  A worm (D:2)
  2 orc zombies
  48 orcs
  A bat (D:9)
  3 goblins
  A hobgoblin (Orc:2)
  2 quokkas (Lair:5)
  A giant gecko (D:7)
  2 giant newts (D:5)
  3 rat skeletons (Orc:4)
  2 spectral orcs (D:15)
  9 ballistomycetes (D:14)
  2 fungi (Lair:8)
  2 plants
309 creatures vanquished.

Vanquished Creatures (others)
  A vault warden (Vaults:1)
  A dire elephant (Lair:8)
  An ironbrand convoker (Vaults:1)
  4 wolf spider zombies
  A vault sentinel (Vaults:1)
  2 dire elephant skeletons (Lair:8)
  A merfolk zombie (Shoals:1)
  A gargoyle (D:12)
  A jumping spider (Spider:3)
  8 redback zombies
  A hydra zombie (Lair:8)
  A moth of wrath zombie (Spider:4)
  2 trolls
  3 demonic crawler zombies
  A raven (D:14)
  A red wasp zombie (Spider:3)
  9 tarantella zombies
  A catoblepas skeleton (Lair:8)
  3 trapdoor spider zombies
  2 jumping spider zombies
  A black mamba zombie (Lair:8)
  A redback (Spider:1)
  A deep elf mage (Vaults:1)
  A tarantella (Spider:5)
  2 water elementals
  A hill giant skeleton (D:11)
  3 orb spider zombies
  6 spiders
  3 elephant zombies
  A phantom (D:12)
  4 human skeletons
  A manticore zombie (D:13)
  2 torpor snail zombies
  3 human zombies
  A blink frog skeleton (Lair:6)
  2 blink frog zombies (Lair:6)
  2 elephant skeletons
  5 elf skeletons (Elf:1)
  2 ogres
  9 spider zombies
  A cyclops skeleton (D:12)
  A wyvern skeleton (D:13)
  A yaktaur skeleton (Vaults:1)
  2 warg zombies (Orc:1)
  A komodo dragon skeleton (Lair:8)
  A scorpion (D:13)
  A water moccasin skeleton (Lair:6)
  A boulder beetle zombie (Spider:4)
  A hippogriff zombie (D:15)
  5 yak zombies
  An electric eel (Spider:2)
  A troll skeleton (D:14)
  5 yak skeletons
  50 crimson imps
  A jelly (D:12)
  A kobold zombie (D:12)
  8 soldier ant zombies (Lair:6)
  4 elf zombies
  A giant frog zombie (Lair:7)
  A two-headed ogre zombie (D:15)
  55 iron imps
  A giant frog skeleton (Lair:6)
  52 quasits
  8 killer bee zombies (D:12)
  A sheep (Lair:7)
  A mottled dragon zombie (D:12)
  5 ogre zombies
  An ogre skeleton (Vaults:1)
  A crocodile zombie (Lair:8)
  2 crocodile skeletons (Lair:8)
  13 worker ant zombies
  2 giant mites
  53 white imps
  50 ufetubi
  2 sheep skeletons
  7 sheep zombies
  2 adder skeletons
  11 orc skeletons
  6 orcs
  2 green rat skeletons (Lair:7)
  11 green rat zombies
  2 jackals (D:3)
  A quokka (Lair:3)
  2 bats
  A giant spore (D:14)
  39 orc zombies
  2 quokka skeletons
  3 rat skeletons (Orc:4)
  12 fungi
  5 plants (Lair:8)
537 creatures vanquished.

Grand Total: 2046 creatures vanquished
